 Dungeon Crawl Stone Soup version 0.24-a0-408-gcc1054c7ca (webtiles) character file.

Game seed: 16737759465758719348

6346 pizzled the Cleaver (level 10, 0/92 HPs)
             Began as a Naga Fighter on June 5, 2019.
             Was a Priest of Cheibriados.
             Slain by a red ugly thing (11 damage)
             ... on level 11 of the Dungeon.
             The game lasted 00:41:59 (12485 turns).

pizzled the Cleaver (Naga Fighter)                 Turns: 12485, Time: 00:42:00

Health: 0/92       AC: 18    Str: 25    XL:     10   Next: 96%
Magic:  7/14       EV:  6    Int: 19    God:    Cheibriados [***...]
Gold:   686        SH: 11    Dex: 20    Spells: 8/9 levels left

rFire    + . .     SeeInvis +   S - +2 broad axe
rCold    . . .     Gourm    .   c - +0 shield
rNeg     + . .     Faith    .   F - +3 scale mail {rC+}
rPois    +         Spirit   .   (no helmet)
rElec    .         Reflect  .   I - +2 ratskin cloak {+Rats rPois rN+ Str-1 Int-1 Dex+1}
rCorr    .         Harm     .   d - +2 pair of gloves
MR       ++...     Clarity  +   (no barding)
Stlth    ..........             G - amulet of rage
HPRegen  0.25/turn              q - ring of fire
MPRegen  0.14/turn              u - ring of protection from magic

@: studying Axes, very slow
A: large, see invisible, clarity, deformed body, poison resistance, slowness 2,
slow metabolism 1, spit poison 2, AC +3
a: Breathe Poison Gas, Bend Time, Temporal Distortion, Renounce Religion, Evoke
Ratskin, Evoke Berserk Rage


You were on level 11 of the Dungeon.
You worshipped Cheibriados.
Cheibriados was most pleased with you.
You were not hungry.

You visited 2 branches of the dungeon, and saw 12 of its levels.

You collected 686 gold pieces.

Inventory:

Hand Weapons
 S - a +2 broad axe (weapon)
Missiles
 h - 6 javelins
 E - 5 silver boomerangs
 N - 14 poisoned darts (quivered)
Armour
 b - a +2 cloak of poison resistance
 c - a +0 shield (worn)
 d - a +2 pair of gloves (worn)
 B - a +2 ring mail of fire resistance
 F - a +3 scale mail of cold resistance (worn)
 I - the +2 ratskin cloak (worn) {+Rats rPois rN+ Str-1 Int-1 Dex+1}
   (You found it on level 6 of the Dungeon)

   It affects your strength (-1).
   It affects your intelligence (-1).
   It affects your dexterity (+1).
   It protects you from poison.
   It protects you from negative energy.
 P - a scarf of cloud immunity
Magical Staves
 J - an uncursed staff of death {unknown}
Jewellery
 m - an uncursed amulet of regeneration {unknown}
 o - an uncursed ring of fire
 q - a ring of fire (left hand)
 r - a +4 ring of strength
 u - a ring of protection from magic (right hand)
 D - an uncursed ring of fire
 G - an amulet of rage (around neck)
 K - an uncursed ring of fire
 L - an uncursed ring of protection from cold
Wands
 y - a wand of flame (32)
 C - a wand of iceblast (13)
 H - a wand of polymorph (6)
 R - a wand of enslavement (3)
 T - a wand of paralysis (7)
Scrolls
 e - 3 scrolls of remove curse
 i - 3 scrolls of identify
 j - 5 scrolls of magic mapping
 s - 2 scrolls of teleportation
 t - 5 scrolls of fog
 v - a scroll of enchant weapon
 w - 3 scrolls of immolation
 A - 2 scrolls of noise
 U - a scroll of amnesia
Potions
 g - 2 potions of brilliance
 k - 4 potions of haste
 l - 2 potions of resistance
 n - 6 potions of curing
 p - 2 potions of berserk rage
 x - 2 potions of flight
 z - 2 potions of lignification
 M - a potion of agility
 O - a potion of might
Books
 a - a manual of Axes
Comestibles
 f - 13 rations


   Skills:
 * Level 6.9 Fighting
 + Level 10.7 Axes
 * Level 7.8 Armour
 * Level 3.8 Shields
 * Level 5.4 Invocations
 - Level 2.0 Evocations


You had 8 spell levels left.
You knew the following spells:

 Your Spells              Type           Power        Failure   Level  Hunger
a - Confusing Touch       Hex            #.....       80%         1    ##.....

Your spell library contained the following spells:

 Spells                   Type           Power        Failure   Level  Hunger
 Animate Skeleton         Necr           N/A          80%         1    ##.....
 Apportation              Tloc           #.....       80%         1    ##.....
 Summon Small Mammal      Summ           #...         80%         1    ##.....
 Bolt of Magma            Conj/Fire/Erth #.........   100%        5    ######.
 Iskenderun's Battlesphe  Conj/Chrm      #.......     100%        5    ######.
 Venom Bolt               Conj/Pois      #.........   100%        5    ######.
 Iron Shot                Conj/Erth      #.........   100%        6    #######
 Orb of Destruction       Conj           #.........   100%        7    #######
 Spellforged Servitor     Conj/Summ      #.........   100%        7    #######


Dungeon Overview and Level Annotations

Branches:
Dungeon (11/15)            Temple (1/1) D:6            Lair (0/6) D:8
    Orc (0/2) D:10

Altars:
Ashenzari
Cheibriados
Dithmenos
Elyvilon
Gozag
Nemelex Xobeh
Okawaru
Vehumet
Yredelemnul
Zin

Shops:
D:5 (

Annotations:
D:10 exclusion: downstairs
D:11 Urug


Innate Abilities, Weirdness & Mutations

You cannot wear boots.
Your serpentine skin is tough. (AC +3)
You have supernaturally acute eyesight. (SInv)
Armour fits poorly on your strangely shaped body.
Your system is resistant to poisons. (rPois)
You cover ground very slowly.
You have a slow metabolism.
You can exhale a cloud of poison.
You possess an exceptional clarity of mind.


Message History

Urug hits you with a +0 scimitar!
Unknown command.
You hit Urug but do no damage.
Urug is severely wounded.
You closely miss the red ugly thing. The red ugly thing pecks you.
You are engulfed in flames!
You resist.
The red ugly thing pecks you but does no damage.
Unknown command.
You barely miss Urug.
Urug is severely wounded.
You barely miss the red ugly thing.
You have got your breath back.
Urug hits you with a +0 scimitar. The red ugly thing pecks you!
* * * LOW HITPOINT WARNING * * *
You are engulfed in flames!
You resist.
* * * LOW HITPOINT WARNING * * *
You feel better. The red ugly thing pecks you!
* * * LOW HITPOINT WARNING * * *
You are engulfed in flames!
You resist.
You die...

##########.###
....................
...................^#
.....................#
.....................#
.........†.........>.# #.#
...............[....^# #.#
...............o@....# #.#
.........(.....u.....# #.#
........(...........(# #.#
.......<............(# #.#
.....................######.#####
.................................
####.#######.#########.##########
#. #.# #.# # #.# #.#


You could see Urug and a red ugly thing.

Vanquished Creatures
  A two-headed ogre (D:10)
  An elephant (D:8)
  A troll (D:11)
  A hornet (D:7)
  A hippogriff (D:10)
  Sigmund (D:2)
  A basilisk (D:8)
  A yak (D:8)
  A steam dragon (D:11)
  A hungry ghost (D:7)
  Menkaure (D:4)
  A warg (D:10)
  Edmund (D:5)
  An eye of draining (D:10)
  3 orc warriors
  5 ice beasts
  2 black bears (D:6)
  2 sky beasts
  2 phantoms
  3 ogres
  2 centaurs
  A crocodile (D:7)
  2 bullfrogs (D:6)
  A scorpion (D:7)
  3 wights (D:8)
  2 howler monkeys
  3 crimson imps
  2 quasits (D:7)
  4 jellies
  5 orc priests
  5 hounds
  2 bullfrog skeletons (D:4)
  Ijyb (D:3)
  4 iguanas
  10 worker ants
  A hell rat (D:6)
  2 hound zombies
  2 hound skeletons
  8 adders
  6 river rats (D:6)
  3 shadow imps
  2 oozes
  An adder skeleton (D:4)
  4 dart slugs
  5 leopard geckos
  30 orcs
  3 ball pythons
  6 giant cockroaches
  9 goblins
  8 hobgoblins
  4 jackals
  5 kobolds
  6 quokkas
  6 bats
  3 frilled lizards
  A jackal skeleton (D:5)
  A leopard gecko zombie (D:6)
  2 quokka skeletons
  22 rats
218 creatures vanquished.

Vanquished Creatures (collateral kills)
  Joseph (D:7)
1 creature vanquished.

Vanquished Creatures (others)
  A basilisk (D:8)
1 creature vanquished.

Grand Total: 220 creatures vanquished

Notes
Turn   | Place    | Note
-------+----------+-------------------------------------------
     0 | D:1      | pizzled the Naga Fighter began the quest for the Orb.
     0 | D:1      | Reached XP level 1. HP: 21/21 MP: 1/1
   397 | D:1      | Reached XP level 2. HP: 28/28 MP: 2/2
  1033 | D:2      | Reached skill level 3 in Axes
  1128 | D:2      | Reached XP level 3. HP: 30/34 MP: 3/3
  1267 | D:2      | Noticed Sigmund
  1295 | D:2      | Killed Sigmund
  1295 | D:2      | Reached skill level 5 in Axes
  1295 | D:2      | Reached XP level 4. HP: 23/42 MP: 4/4
  1295 | D:2      | Reached XP level 5. HP: 27/49 MP: 5/5
  1489 | D:2      | Found a basalt altar of Yredelemnul.
  1598 | D:2      | Reached skill level 6 in Axes
  1598 | D:2      | Reached XP level 6. HP: 49/56 MP: 6/6
  1826 | D:3      | Found a shadowy altar of Dithmenos.
  2115 | D:3      | Noticed Ijyb
  2126 | D:3      | Killed Ijyb
  2803 | D:4      | Noticed Menkaure
  2810 | D:4      | Killed Menkaure
  2810 | D:4      | Reached skill level 7 in Axes
  2810 | D:4      | Reached XP level 7. HP: 33/62 MP: 7/7
  4230 | D:5      | Entered Level 5 of the Dungeon
  4525 | D:5      | Found a white marble altar of Elyvilon.
  4609 | D:5      | Reached XP level 8. HP: 62/70 MP: 8/8
  4704 | D:5      | Found Guakk's Weapon Shoppe.
  4769 | D:5      | Noticed Edmund
  4788 | D:5      | Killed Edmund
  4788 | D:5      | Reached skill level 8 in Axes
  5555 | D:6      | Found a staircase to the Ecumenical Temple.
  5574 | Temple   | Entered the Ecumenical Temple
  5598 | Temple   | Became a worshipper of Cheibriados the Contemplative
  5668 | D:6      | Reached skill level 1 in Invocations
  5819 | D:6      | Reached XP level 9. HP: 15/79 MP: 4/10
  6354 | D:6      | Found the +2 ratskin cloak {+Rats rPois rN+ Str-1 Int-1
                  | Dex+1}
  6365 | D:6      | Reached skill level 5 in Armour
  6376 | D:6      | Reached skill level 9 in Axes
  6381 | D:6      | Reached * piety under Cheibriados
  7010 | D:7      | Noticed Joseph
  7210 | D:7      | Killed Joseph
  7438 | D:7      | Found a shattered altar of Ashenzari.
  7701 | D:7      | Noticed a hornet
  7903 | D:7      | Reached skill level 5 in Fighting
  7923 | D:7      | Reached ** piety under Cheibriados
  8174 | D:7      | Killed a hornet
  8271 | D:7      | Reached skill level 1 in Evocations
  8285 | D:7      | Paralysed by fainting for 7 turns
  8647 | D:7      | Gained mutation: You are agile. (Dex +2) [potion of
                  | mutation]
  8647 | D:7      | Gained mutation: You have a pair of small horns on your
                  | head. [potion of mutation]
  8647 | D:7      | Gained mutation: Your tail ends in a poisonous barb.
                  | [potion of mutation]
  9128 | D:8      | Reached XP level 10. HP: 71/91 MP: 13/13
  9310 | D:8      | Found a staircase to the Lair.
  9310 | D:8      | Noticed an elephant
  9320 | D:8      | Killed an elephant
  9481 | D:8      | Lost mutation: Your tail ends in a poisonous barb. [potion
                  | of mutation]
  9481 | D:8      | Lost mutation: You are agile. (Dex +2) [potion of mutation]
  9481 | D:8      | Lost mutation: You have a pair of small horns on your head.
                  | [potion of mutation]
  9481 | D:8      | Gained mutation: You can exhale a cloud of poison. [potion
                  | of mutation]
  9481 | D:8      | Gained mutation: You possess an exceptional clarity of
                  | mind. [potion of mutation]
  9561 | D:8      | Reached *** piety under Cheibriados
 10147 | D:9      | Found a glowing silver altar of Zin.
 10293 | D:9      | Identified a scroll of acquirement
 10556 | D:9      | Reached skill level 10 in Axes
 11075 | D:10     | Entered Level 10 of the Dungeon
 11122 | D:10     | Found a staircase to the Orcish Mines.
 11511 | D:10     | Reached skill level 5 in Invocations
 11515 | D:10     | Reached **** piety under Cheibriados
 11746 | D:10     | Noticed a two-headed ogre
 11752 | D:10     | Killed a two-headed ogre
 11943 | D:11     | Noticed a cyan ugly thing
 11944 | D:11     | Noticed Urug
 11945 | D:11     | Noticed a red ugly thing
 12282 | D:10     | Learned a level 1 spell: Confusing Touch
 12485 | D:11     | Slain by a red ugly thing

Levels and vault maps discovered:
D:1:      saegor_arrival_simple_d, layout_basic
D:2:      layout_rooms, lemuel_doored_altar, uniq_sigmund
D:3:      layout_basic, lemuel_round_altar, first_ration,
          corexii_leaking_fountain, lemuel_another_geyser, uniq_ijyb
D:4:      layout_layer_cave, minmay_tree_intersection, uniq_menkaure
D:5:      layout_loops_corners, serial_shops, shop, elyvilon_altar_3,
          uniq_edmund
D:6:      wander_guarded_unrand_ratskin, layout_loops_ring,
          minmay_temple_entry_slanted
D:7:      layout_basic, evilmike_ruin_ashenzari, grunt_potential, uniq_joseph
D:8:      layout_loops_ring, david_lair_generic
D:9:      layout_gridville, zin_academy
D:10:     layout_basic, david_orc_3
D:11:     layout_small_grid, the_bakery, uniq_urug
Temple:   regret_index_temple_mists

Skill      XL: |  1  2  3  4  5  6  7  8  9 10 |
---------------+-------------------------------+-----
Axes           | 3 5 6 7 8 9 10 | 10.7
Armour         | 3 4 6 7 |  7.8
Shields        | 3 |  3.8
Fighting       | 4 6 |  6.9
Invocations    | 2 4 5 |  5.4
Evocations     | 1 2 |  2.0

Action                   |  1- 3 |  4- 6 |  7- 9 | 10-12 || total
-------------------------+-------+-------+-------+-------++-------
Melee: War axe           |   102 |   121 |   469 |    40 ||   732
       Headbutt          |       |       |     6 |     4 ||    10
       Tailslap          |       |       |     3 |     2 ||     5
       Broad axe         |       |       |       |    83 ||    83
Throw: Boomerang         |       |       |     4 |     3 ||     7
       Dart              |       |       |       |     3 ||     3
Invok: Bend Time         |       |       |     3 |     1 ||     4
       Slouch            |       |       |       |     1 ||     1
 Abil: Spit Poison       |     4 |     9 |    32 |       ||    45
       Evoke Ratskin     |       |       |     4 |       ||     4
       Breathe Poison Ga |       |       |       |     7 ||     7
Evoke: Wand              |       |       |     5 |     4 ||     9
  Use: Potion            |     3 |     1 |     1 |     3 ||     8
       Scroll            |       |       |     3 |    17 ||    20
  Eat: Chunk             |     1 |     5 |    13 |     3 ||    22
       Ration            |       |       |     4 |     2 ||     6
Armor: Scale mail        |    53 |    55 |   228 |    64 ||   400
       Ring mail         |       |     3 |    72 |       ||    75
Dodge: Dodged            |    23 |    28 |   104 |    27 ||   182
Block: Shield            |    44 |    48 |   236 |    67 ||   395

Table legend:
 A = Non-vault XP
 B = Vault XP
 C = Vault XP percentage of total XP
 D = Non-vault monster count
 E = Vault monster count
 F = Vault count percentage of total count
                 A         B        C        D         E       F
            +---------+---------+-------+---------+---------+-------
      Total |    5973 |    3093 |  34.1 |     168 |      51 |  23.3
            +---------+---------+-------+---------+---------+-------
        D:1 |      24 |       0 |   0.0 |      14 |       0 |   0.0
        D:2 |      67 |     238 |  78.0 |      21 |       1 |   4.5
        D:3 |      95 |      36 |  27.5 |      32 |       1 |   3.0
        D:4 |     361 |     169 |  31.9 |      26 |       1 |   3.7
        D:5 |     423 |     162 |  27.7 |      13 |       1 |   7.1
        D:6 |    1249 |     126 |   9.2 |      23 |      21 |  47.7
        D:7 |     399 |    1162 |  74.4 |       9 |      14 |  60.9
        D:8 |     645 |     758 |  54.0 |       7 |       3 |  30.0
        D:9 |     427 |       0 |   0.0 |       8 |       0 |   0.0
       D:10 |    1633 |     442 |  21.3 |       9 |       9 |  50.0
       D:11 |     650 |       0 |   0.0 |       6 |       0 |   0.0
            +---------+---------+-------+---------+---------+-------
